 Dungeon Crawl Stone Soup version 0.18.1-48-g4cf74bf (webtiles) character file.

65 GordonOverkill the Chopper (level 4, -5/37 HPs)
             Began as a Hill Orc Wanderer on July 19, 2016.
             Slain by a gnoll
             ... wielding a +0 halberd
              (9 damage)
             ... on level 2 of the Dungeon.
             The game lasted 00:06:25 (2339 turns).

GordonOverkill the Chopper (Hill Orc Wanderer)      Turns: 2339, Time: 00:06:26

Health: -5/37      AC:  3    Str: 15    XL:     4   Next: 13%
Magic:  4/4        EV: 11    Int: 10    God:
Gold:   54         SH:  0    Dex: 12    Spells: 0 memorised, 3 levels left

rFire  . . .     SeeInvis .     b - +0 hand axe
rCold  . . .     Gourm    .     e - +0 robe
rNeg   . . .     Faith    .     (no shield)
rPois  .         Spirit   .     l - +0 helmet
rElec  .         Dismiss  .     (no cloak)
rCorr  .         Reflect  .     (no gloves)
SustAt .         Harm     .     (no boots)
MR     .....                    (no amulet)
Stlth  ++........               (no ring)
                                (no ring)

@: not resistant to hostile enchantments, unstealthy
A: no striking features
a: no special abilities


You were on level 2 of the Dungeon.
You were not hungry.

You visited 1 branch of the dungeon, and saw 2 of its levels.

You collected 54 gold pieces.

Inventory:

Hand Weapons
 a - a +0 shortbow
 b - a +0 hand axe (weapon)
Missiles
 d - 22 arrows
Armour
 e - a +0 robe (worn)
 l - a +0 helmet (worn)
Jewellery
 h - a +5 ring of intelligence {unknown}
Wands
 c - a wand of flame (10/48)
Scrolls
 m - a scroll of random uselessness {unknown}
Potions
 g - a potion of ambrosia {unknown}
 k - a potion of might {unknown}
Comestibles
 f - a bread ration
 i - a slice of pizza


   Skills:
 - Level 2.4 Fighting
 + Level 4.8(5.1) Axes
   Level 2.1(3.3) Maces & Flails
 - Level 1.0 Bows
 - Level 3.2 Armour
 - Level 1.0 Stealth
 - Level 1.0 Evocations


You had 3 spell levels left.
You didn't know any spells.

Dungeon Overview and Level Annotations

Branches:
Dungeon (2/15)

Altars:
Nemelex Xobeh


Message History

The gnoll closely misses you.
You closely miss the gnoll. You hit the gnoll.
The gnoll is lightly wounded.
The gnoll hits you with a halberd.
You hit the gnoll but do no damage.
The gnoll is lightly wounded.
The gnoll hits you with a halberd!
You hit the gnoll.
The gnoll is moderately wounded.
The gnoll hits you with a halberd!!
Ouch! That really hurt!
* * * LOW HITPOINT WARNING * * *
You hit the gnoll.
The gnoll is moderately wounded.
The gnoll closely misses you.
You barely miss the gnoll.
The gnoll is moderately wounded.
The gnoll hits you with a halberd!
You die...

############ #..........#
#..........# # #..........#
#. #..........########## #..
#..........#.........
###...#####................#
#.?......##..........#.....#
#....##.......g@<...#.<รท..#
#...((.(...........#.....#
#.....####..........#.....#
#.#.#...#####.......)##..##
.....!..g.........#.###.#
.........######............
......... ###...##..#... .
...g(.. ....# .....#
...g...S #...# # ..


You could see a gnoll.

Vanquished Creatures
  3 adders (D:1)
  A dart slug (D:2)
  A giant gecko (D:1)
  A ball python (D:2)
  A giant cockroach (D:1)
  5 goblins (D:1)
  4 hobgoblins
  6 jackals (D:1)
  3 bats
  2 kobolds (D:1)
  6 rats (D:1)
33 creatures vanquished.

Vanquished Creatures (others)
  A goblin (D:2)
1 creature vanquished.

Grand Total: 34 creatures vanquished

Notes
Turn   | Place    | Note
--------------------------------------------------------------
     0 | D:1      | GordonOverkill the Hill Orc Wanderer began the quest for the Orb.
     0 | D:1      | GordonOverkill set off with: a wand of flame (15/48), a +0 hand axe, a +0 shortbow, 26 arrows, a +0 robe, a bread ration
     0 | D:1      | Reached XP level 1. HP: 18/18 MP: 1/1
    82 | D:1      | Reached skill level 1 in Axes
   123 | D:1      | Reached skill level 2 in Axes
   125 | D:1      | Reached XP level 2. HP: 16/25 MP: 2/2
   654 | D:1      | Reached skill level 3 in Axes
   749 | D:1      | Found a sparkling altar of Nemelex Xobeh.
  1159 | D:1      | Reached XP level 3. HP: 30/30 MP: 3/3
  1522 | D:1      | Reached skill level 4 in Axes
  2025 | D:1      | Reached XP level 4. HP: 7/37 MP: 4/4
  2339 | D:2      | Slain by a gnoll

Skill      XL: |  1  2  3 |
---------------+----------+-----
Axes           | 2 3 4 |  4.8
Fighting       | |  2.4
Maces & Flails | |  2.1
Bows           | |  1.0
Armour         | |  3.2
Stealth        | |  1.0
Evocations     | |  1.0

Action                   |  1- 3 |  4- 6 || total
-------------------------+-------+-------++-------
Melee: Hand axe          |    95 |     6 ||   101
 Fire: Shortbow          |    24 |       ||    24
Evoke: Wand              |     4 |     1 ||     5
  Use: Potion            |     1 |       ||     1
 Stab: Sleeping          |     1 |       ||     1
  Eat: Chunk             |     3 |     1 ||     4
Armor: Robe              |    31 |       ||    31
Dodge: Dodged            |    60 |     3 ||    63
